 Dungeon Sprint DCSS version 0.20-a0-251-g16a58bf (webtiles) character file.

1253 Dfrag the Fighter (level 8, -5/58 HPs)
             Began as a Gargoyle Fighter on Nov 30, 2016.
             Was an Initiate of Gozag.
             Slain by a manticore (15 damage)
             ... in the Dungeon (Sprint IX: "|||||||||||||||||||||||||||||").
             The game lasted 00:01:05 (297 turns).

Dfrag the Fighter (Gargoyle Fighter)                 Turns: 297, Time: 00:01:06

Health: -5/58      AC: 27    Str: 21    XL:     8   Next: 51%
Magic:  8/8        EV:  9    Int: 11    God:    Gozag
Gold:   567        SH: 12    Dex: 11    Spells: 7/7 levels left

rFire  . . .     SeeInvis .     p - +2 morningstar (protect)
rCold  . . .     Gourm    .     s - +1 chain mail
rNeg   + . .     Faith    .     c - +0 shield
rPois  ∞         Spirit   .     (no helmet)
rElec  +         Reflect  .     (no cloak)
rCorr  .         Harm     .     r - +0 pair of gloves
MR     .....     NoTele   +     q - +0 pair of boots
Stlth  ..........               (no amulet)
                                t - +2 ring of evasion
                                u - +3 ring of intelligence

@: gold aura, protection aura
A: negative energy resistance 1, electricity resistance, unbreathing,
petrification resistance, rot immunity, AC +5
a: Potion Petition, Call Merchant, Bribe Branch, Renounce Religion


You were in the Dungeon.
You worshipped Gozag.
Gozag was pleased with you.
You were not hungry.

You visited 1 branch You collected 567 gold pieces.

Inventory:

Hand Weapons
 a - a +0 flail
 p - a +2 morningstar of protection (weapon)
Armour
 b - a +0 scale mail
 c - a +0 shield (worn)
 q - a +0 pair of boots (worn)
 r - a +0 pair of gloves (worn)
 s - a +1 chain mail (worn)
Jewellery
 t - a +2 ring of evasion (right hand)
 u - a +3 ring of intelligence (left hand)
Wands
 o - a wand of acid (7/15)
Scrolls
 k - 2 scrolls of blinking
 m - 3 scrolls of remove curse
 n - 2 scrolls of amnesia
Potions
 d - a potion of might
 e - 5 potions of curing
 g - 3 potions of heal wounds
 h - a potion of haste
 i - 4 potions of magic
 j - a potion of berserk rage
 l - a potion of invisibility
Comestibles
 f - a bread ration


   Skills:
 + Level 10.5 Fighting
 + Level 9.5 Maces & Flails
 + Level 10.5 Armour
 + Level 10.5 Shields


You had 7 spell levels left.
You didn't know any spells.

Dungeon Overview and Level Annotations

Branches:
Dungeon (1/1)

Altars:
Cheibriados
Dithmenos
Elyvilon
Fedhas
Gozag
Hepliaklqana
Kikubaaqudgha
Makhleb
Nemelex Xobeh
Okawaru
Qazlal
Ru
Sif Muna
Trog
Uskayaw
Vehumet
Xom
Yredelemnul
Zin
The Shining One
Beogh
Jiyva
Lugonu


Innate Abilities, Weirdness & Mutations

You are resistant to torment.
Your stone body is resilient. (AC +5)
You are immune to poison.
You resist negative energy. (rN+)
You are resistant to electric shocks. (rElec)
You can survive without breathing.
You are immune to petrification.
You are immune to rotting.


Message History

You block the manticore's attack. x2
You hit the manticore.
The manticore is almost dead.
The manticore closely misses you.
The manticore claws you but does no damage. x2
You closely miss the manticore.
The manticore is almost dead.
The manticore barely misses you.
The manticore claws you but does no damage.
You block the manticore's attack.
You closely miss the manticore.
The manticore is almost dead.
The manticore bites you!
* * * LOW HITPOINT WARNING * * *
You block the manticore's attack. x2
You hit the manticore but do no damage.
The manticore is almost dead.
The manticore bites you!
You die...
Your body crumbles into a pile of gold.

▓.▓
▓)▓
$
▓)▓
▓.▓
$
▓.▓
$
▓.▓
$
▓.▓
$
▓.▓
$
▓@▓
▓H▓
▓W▓
▓.▓
▓.▓
▓.▓
▓.▓
▓+▓


You could see a manticore and a phantom.

Vanquished Creatures
  A hill giant (D)
  An efreet (D)
  A troll (D)
  An ice beast (D)
  A black bear (D)
  A bullfrog (D)
  A howler monkey (D)
  A worker ant (D)
  An adder (D)
  An adder skeleton (D)
  2 orcs (D)
  2 jackals (D)
  A quokka (D)
  A ball python (D)
  A bat (D)
  A frilled lizard (D)
  2 rats (D)
20 creatures vanquished.

Notes
Turn   | Place    | Note
-------+----------+-------------------------------------------
     0 | D        | Dfrag the Gargoyle Fighter began the quest for the Orb.
     0 | D        | Reached XP level 1. HP: 14/14 MP: 1/1
    28 | D        | Reached XP level 2. HP: 14/20 MP: 2/2
    63 | D        | Found a roughly hewn altar of Beogh.
    63 | D        | Found a snail-covered altar of Cheibriados.
    63 | D        | Found a shadowy altar of Dithmenos.
    63 | D        | Found a white marble altar of Elyvilon.
    63 | D        | Found a blossoming altar of Fedhas.
    63 | D        | Found an opulent altar of Gozag.
    64 | D        | Found a hazy altar of Hepliaklqana.
    65 | D        | Found a viscous altar of Jiyva.
    66 | D        | Found an ancient bone altar of Kikubaaqudgha.
    67 | D        | Found a corrupted altar of Lugonu.
    68 | D        | Found a burning altar of Makhleb.
    69 | D        | Found a sparkling altar of Nemelex Xobeh.
    70 | D        | Found an iron altar of Okawaru.
    71 | D        | Found a stormy altar of Qazlal.
    72 | D        | Found a sacrificial altar of Ru.
    73 | D        | Found a deep blue altar of Sif Muna.
    77 | D        | Became a worshipper of Gozag Ym Sagoz the Greedy
    81 | D        | Found a bloodstained altar of Trog.
    82 | D        | Found a hide-covered altar of Uskayaw.
    83 | D        | Found a radiant altar of Vehumet.
    84 | D        | Found a shimmering altar of Xom.
    85 | D        | Found a basalt altar of Yredelemnul.
    86 | D        | Found a glowing silver altar of Zin.
    87 | D        | Found a glowing golden altar of the Shining One.
   219 | D        | Noticed a hill giant
   219 | D        | Noticed an ice beast
   219 | D        | Noticed a black bear
   219 | D        | Noticed a howler monkey
   220 | D        | Reached skill level 5 in Fighting
   220 | D        | Reached XP level 3. HP: 26/26 MP: 3/3
   227 | D        | Killed a hill giant
   227 | D        | Reached XP level 4. HP: 36/36 MP: 4/4
   227 | D        | Reached XP level 5. HP: 40/40 MP: 5/5
   227 | D        | Reached XP level 6. HP: 45/45 MP: 6/6
   227 | D        | Reached XP level 7. HP: 50/50 MP: 7/7
   262 | D        | Noticed an efreet
   262 | D        | Noticed a troll
   262 | D        | Noticed a manticore
   276 | D        | Killed an efreet
   276 | D        | Reached skill level 10 in Fighting
   276 | D        | Reached skill level 10 in Armour
   276 | D        | Reached skill level 10 in Shields
   276 | D        | Reached XP level 8. HP: 23/57 MP: 8/8
   282 | D        | Killed a troll
   297 | D        | Slain by a manticore

Vault maps used:
D:        linesprint

Skill      XL: |  1  2  3  4  5  6  7 |
---------------+----------------------+-----
Fighting       | 4 5 8 10 | 10.5
Armour         | 4 8 10 | 10.5
Shields        | 4 8 10 | 10.5
Maces & Flails | 3 7 9 |  9.5

Action                   |  1- 3 |  4- 6 |  7- 9 || total
-------------------------+-------+-------+-------++-------
Melee: Flail             |    46 |       |       ||    46
       Morningstar       |     7 |       |    50 ||    57
Invok: Potion Petition   |     1 |       |       ||     1
 Stab: Distracted        |       |       |     1 ||     1
Armor: Scale mail        |    23 |       |       ||    23
       Chain mail        |       |       |    27 ||    27
Dodge: Dodged            |    19 |       |    20 ||    39
Block: Shield            |    27 |       |    28 ||    55
